 Dungeon Crawl Stone Soup version 0.30.1-11-g7821555f0a (webtiles) character file.

Game seed: 330850643899031918

35 Peloso the Shield-Bearer (level 3, -4/33 HPs)
             Began as a Minotaur Fighter on Dec 11, 2023.
             Slain by an iguana (7 damage)
             ... on level 4 of the Dungeon.
             The game lasted 00:01:56 (1244 turns).

Peloso the Shield-Bearer (Minotaur Fighter)         Turns: 1244, Time: 00:01:57

Health: -4/33      AC:  8    Str: 20    XL:     3   Next: 16%
Magic:  2/2        EV:  6    Int:  5    God:
Gold:   136        SH:  4    Dex: 11    Spells: 2/2 levels left

rFire   . . .        a - +0 long sword
rCold   . . .        d - +0 buckler
rNeg    . . .        b - +0 scale mail
rPois   .            (helmet restricted)
rElec   .            c - +0 cloak
rCorr   .            (no gloves)
SInv    .            (no boots)
Will    .....        (no amulet) Stlth
                     (no ring)
HPRegen 0.25/turn    (no ring)
MPRegen 0.08/turn

%: no passive effects
@: constricted
A: horns 2, retaliatory headbutt
a: no special abilities


You were on level 4 of the Dungeon.
You visited 1 branch of the dungeon, and saw 3 of its levels.

You collected 136 gold pieces.

Inventory:

Hand Weapons
 a - a +0 long sword (weapon)
Armour
 b - a +0 scale mail (worn)
 c - a +0 cloak (worn)
 d - a +0 buckler (worn)
Scrolls
 e - 2 scrolls of identify
 f - a scroll of enchant weapon {unknown}
 i - a scroll of immolation
Potions
 g - a potion of heal wounds
 h - 3 potions of might
 k - a potion of invisibility {unknown}


   Skills:
 + Level 4.1 Fighting
 + Level 2.9 Long Blades
 + Level 4.1 Armour
 + Level 0.1 Dodging
 + Level 4.1 Shields


You had 2 spell levels left.
You didn't know any spells.
Your spell library was empty.

Dungeon Overview and Level Annotations

Branches:
Dungeon (2/15)

Altars:


Innate Abilities, Weirdness & Mutations

You have a pair of horns on your head.
You reflexively headbutt those who attack you in melee.


Message History

The iguana attacks as you move away! The iguana bites you!
You see here 6 gold pieces.
The iguana attacks as you move away!
The iguana bites you but does no damage.
You closely miss the iguana. The iguana bites you.
You barely miss the iguana. The iguana misses you.
You barely miss the iguana. You headbutt the iguana!
The iguana is heavily wounded.
The iguana bites you but does no damage.
The ball python bites you but does no damage.
The ball python closely misses you.
You hit the iguana but do no damage. Your headbutt misses the iguana.
The iguana is heavily wounded.
The ball python bites you. The ball python grabs you.
The ball python constricts you. The iguana bites you!
The ball python bites you but does no damage.
The ball python constricts you. You block the iguana's attack.
You hit the iguana. Your headbutt misses the iguana.
The iguana is heavily wounded.
You block the ball python's attack. The ball python constricts you.
The iguana bites you!
* * * LOW HITPOINT WARNING * * *
You closely miss the iguana.
The iguana is heavily wounded.
You block the ball python's attack. The ball python constricts you.
You block the iguana's attack. The ball python barely misses you.
The ball python constricts you.
You closely miss the iguana. Your headbutt misses the iguana.
The iguana is heavily wounded.
The iguana barely misses you. The ball python bites you.
* * * LOW HITPOINT WARNING * * *
The ball python constricts you.
You hit the iguana.
You headbutt the iguana, but do no damage.
The iguana is severely wounded.
The ball python bites you but does no damage.
The ball python constricts you.
* * * LOW HITPOINT WARNING * * *
The iguana bites you!
You die...

##########
.........+
.........#
.........#
........@#
.......Sl#
.........#
........$#
.........#######
................
...............
###..##...S....
##. #........


You could see an iguana and a ball python.

Vanquished Creatures
  An adder (D:2)
  4 ball pythons (D:1)
  4 bats (D:1)
  2 endoplasms (D:1)
  2 giant cockroaches (D:1)
  A hobgoblin (D:1)
  A quokka (D:1)
  2 frilled lizards
  5 kobolds
  2 rats (D:1)
24 creatures vanquished.

Notes
Turn   | Place    | Note
-------+----------+-------------------------------------------
     0 | D:1      | Peloso the Minotaur Fighter began the quest for the Orb.
     0 | D:1      | Reached XP level 1. HP: 19/19 MP: 0/0
   250 | D:1      | Reached XP level 2. HP: 27/27 MP: 1/1
   761 | D:1      | Found a faded altar of an unknown god.
   761 | D:1      | Noticed a neqoxec
  1026 | D:2      | Reached XP level 3. HP: 33/33 MP: 2/2
  1100 | D:2      | Found the +7 staff of the Meek {protect, meekguard}
  1224 | D:2      | You fall into a shaft and drop 2 floors!
  1244 | D:4      | Slain by an iguana

Illustrated notes

Levels and vault maps discovered:
D:1:      dpeg_arrival_stonehenge_12_columns, layout_basic,
          dreamdust_ecumenical_altar_sealed_demon
D:2:      layout_loops_ring, basic_altar, columned_hall_lemuel,
          uniq_crazy_yiuf_cottage, uniq_robin
D:4:      layout_basic, nicolae_overflow_hidden_temple, uniq_pikel

Skill      XL: |  1  2 |
---------------+-------+-----
Armour         | 4 |  4.1
Shields        | 4 |  4.1
Fighting       | 4 |  4.1
Long Blades    | |  2.9
Dodging        | |  0.1

Action                     || total
---------------------------++-------
  Melee: Long sword        ||    67
         Headbutt          ||    10
    Use: Potion            ||     2
         Scroll            ||     5
 Armour: Scale mail        ||    31
  Dodge: Dodged            ||    43
  Block: Buckler           ||    26
